 Dungeon Crawl Stone Soup version 0.32-a0-675-gdc239d62e1 (webtiles) character file.

Game seed: 15547722123631212552

8731 lunkers the Basher (level 11, 0/80 HPs)
             Began as a Coglin Berserker on Mar 11, 2024.
             Was a High Priest of Trog.
             Slain by a wolf spider (5 damage)
             ... on level 9 of the Dungeon.
             The game lasted 00:17:42 (6712 turns).

lunkers the Basher (Coglin Berserker)               Turns: 6712, Time: 00:17:43

Health: 0/80       AC: 14    Str: 22    XL:     11   Next: 35%
Magic:  11/11      EV: 10    Int:  6    God:    Trog [*****.]
Gold:   584        SH:  0    Dex: 14    Spells: 10/10 levels left

rFire   . . .        C - +0 morningstar (heavy) {Carmen}
rCold   + . .        p - +1 flail {Thatsani}
rNeg    . . .        A - +2 scale mail {rPois}
rPois   +            b - +1 helmet
rElec   .            (no cloak)
rCorr   .            u - +1 pair of gloves of Negation {^Contam rPois rC+ Regen+}
SInv    .            n - +0 pair of boots
Will    ++...        (amulet unavailable) Stlth
                     (ring unavailable)
HPRegen 2.13/turn    (ring unavailable)
MPRegen 0.12/turn    (no gizmo)

%: no passive effects
@: lethally poisoned (0 -> 0), strong-willed, regenerating, revved
A: off-hand wielding, slow wielding, warmup strikes, no jewellery
a: Invent Gizmo, Renounce Religion, Berserk, Trog's Hand, Brothers in Arms


You were on level 9 of the Dungeon.
You worshipped Trog.
Trog was extremely pleased with you.
You visited 1 branch of the dungeon, and saw 9 of its levels.

You collected 584 gold pieces.

Inventory:

Hand Weapons
 p - a +1 flail (offhand) {Thatsani}
 r - a +0 flail {Surjit}
 C - a +0 heavy morningstar (weapon) {Carmen}
Missiles
 k - 2 curare-tipped darts
Armour
 b - a +1 helmet (worn)
 n - a +0 pair of boots (worn)
 u - the +1 pair of gloves of Negation (worn) {^Contam rPois rC+ Regen+}
   (You found it on level 4 of the Dungeon)

   rC+:       It protects you from cold.
   rPois:     It protects you from poison.
   ^Contam:   It causes magical contamination when unequipped.
   Regen+:    It increases your rate of health regeneration.
 A - a +2 scale mail of poison resistance (worn)
Wands
 g - a wand of paralysis (17)
 y - a wand of acid (9)
Scrolls
 a - a scroll of enchant weapon
 c - a scroll of poison
 d - a scroll of fear
 i - a scroll of brand weapon
 q - a scroll of enchant armour
 x - 3 scrolls of teleportation
Potions
 e - a potion of attraction
 f - 2 potions of resistance
 h - a potion of degeneration {unknown}
 j - 9 potions of curing
 l - a potion of magic
 m - 2 potions of haste
 o - 2 potions of berserk rage
 s - a potion of might {unknown}
 z - a potion of mutation {unknown}
 B - 2 potions of cancellation


   Skills:
 + Level 5.6 Fighting
 - Level 14.0 Maces & Flails
 + Level 4.6 Armour
 - Level 1.7 Dodging
 - Level 7.0 Evocations


You had 10 spell levels left.
You didn't know any spells.
Your spell library was empty.

Dungeon Overview and Level Annotations

Branches:
Dungeon (9/15)             Temple (0/1) D:5            Lair (0/5) D:9
    Orc: D:9-12

Altars:
Kikubaaqudgha
Makhleb
Uskayaw
Zin
Lugonu

Shops:
D:8 ?   D:9 **

Portals:
Abyss: D:4

Annotations:
D:5 2 transporters, zenocrate's ghost, novice OpEE
D:7 2 transporters, Midpoint's ghost, novice OnHW
D:9 1 transporter, CBP's ghost, journeyman CoBe


Innate Abilities, Weirdness & Mutations

You can wield a second weapon in your off-hand.
It takes a long time for you to wield or remove held weapons.
Your first few attacks do less damage.
You cannot equip rings or amulets.


Message History

* * * LOW HITPOINT WARNING * * *
The killer bee barely misses you.
The komodo dragon rages.
You stick the killer bee like a pincushion with your +0 heavy morningstar!!!
You kill the killer bee!
Trog accepts your kill.
You feel sick. The wyvern barely misses you. The killer bee closely misses you.
Unknown command.
You hit the killer bee but do no damage.
You barely miss the killer bee with your +0 heavy morningstar.
You feel sick. The wyvern bites you!!
* * * LOW HITPOINT WARNING * * *
The killer bee stings you but does no damage.
The wyvern bites you but does no damage.
The killer bee barely misses you.
The komodo dragon rages.
The wyvern misses you.
You miss the killer bee with your +1 flail.
You puncture the killer bee with your +0 heavy morningstar!
You feel sick. The killer bee barely misses you. The wyvern barely misses you.
The wyvern closely misses you.
The killer bee stings you but does no damage.
Unknown command.
You closely miss the killer bee with your +0 heavy morningstar.
The killer bee is severely wounded.
You hit the killer bee but do no damage.
You feel sick. The wyvern closely misses you.
The komodo dragon rages.
The killer bee stings you.
* * * LOW HITPOINT WARNING * * *
Unknown command.
You miss the killer bee with your +0 heavy morningstar.
The killer bee is severely wounded.
You miss the killer bee with your +1 flail.
You feel sick.
The killer bee stings you but does no damage. x2
The wolf spider hits you!
* * * LOW HITPOINT WARNING * * *
The wolf spider bites you.
You die...

#....>..............#..
###...................#..
##.....###..#'############
##..#####.##.#^.....#
#..##......#........#
#.##sy..#..##.......#
#.#©y.#y.y#.#.#.....####
##.##yY##.#y.#.#.....'..####
##..©#.#l.D#@##.#.....##...#.
#...##....y#s#..#.....####.#.
#.#.# #©.yl#©.......# #.#.
#.#.#.#...#.l#..#.....# #.#.
#.#.##.#.....##.#.....# #.#.
#....#...#.#..#.#.....# #.#.
#.[..#...#.#..#.#.....# #.'.
#....#.......##†# #### ###.
#....###...###..########## #.


You could see a wolf spider, a moth of wrath, 2 komodo dragons and 2 killer
bees.

Vanquished Creatures
  Erica (D:8)
  2 two-headed ogres (D:9)
  A fire crab (D:9)
  A cyclops (D:9)
  11 yaks (D:9)
  2 vampire mosquitoes (D:8)
  A steam dragon (D:8)
  Duvessa (D:5)
  A water moccasin (D:7)
  2 ice beasts
  2 black bears (D:5)
  6 sky beasts
  2 ogres
  A phantom (D:5)
  5 kobold brigands
  4 bullfrogs
  5 scorpions
  A wight (D:7)
  Dowan (D:5)
  12 killer bees
  5 howler monkeys
  3 bombardier beetles
  2 jellies (D:7)
  4 hounds
  2 gnoll boudas
  4 orc priests
  4 iguanas
  A sleepcap (D:5)
  5 orc wizards
  Robin (D:2)
  8 gnolls
  9 adders
  4 shadow imps
  4 white imps
  6 dart slugs
  27 orcs
  4 bats
  12 endoplasms
  9 giant cockroaches
  14 goblins
  9 hobgoblins
  25 kobolds
  A quokka (D:4)
  6 ball pythons
  2 frilled lizards
  7 rats
  A lurking horror (D:4)
241 creatures vanquished.

Vanquished Creatures (others)
  A kobold (D:8)
1 creature vanquished.

Grand Total: 242 creatures vanquished

Notes
Turn   | Place    | Note
-------+----------+-------------------------------------------
     0 | D:1      | lunkers the Coglin Berserker began the quest for the Orb.
     0 | D:1      | Reached XP level 1. HP: 18/18 MP: 1/1
    53 | D:1      | Reached skill level 3 in Maces & Flails
    58 | D:1      | Reached XP level 2. HP: 11/24 MP: 2/2
   355 | D:1      | Reached XP level 3. HP: 25/29 MP: 3/3
   876 | D:2      | Reached ** piety under Trog
   909 | D:2      | Reached skill level 4 in Maces & Flails
  1232 | D:2      | Noticed Robin
  1236 | D:2      | Reached XP level 4. HP: 29/35 MP: 4/4
  1244 | D:2      | Killed Robin
  1681 | D:3      | Reached skill level 5 in Maces & Flails
  1681 | D:3      | Reached XP level 5. HP: 28/41 MP: 5/5
  2017 | D:3      | Reached *** piety under Trog
  2587 | D:4      | Reached skill level 6 in Maces & Flails
  2587 | D:4      | Reached XP level 6. HP: 25/47 MP: 6/6
  2819 | D:4      | Identified the +1 pair of gloves of Negation {^Contam rPois
                  | rC+ Regen+}
  3184 | D:4      | Found a one-way gate to the infinite horrors of the Abyss.
  3185 | D:4      | Found a corrupted altar of Lugonu.
  3268 | D:4      | Found a burning altar of Makhleb.
  3529 | D:5      | Entered Level 5 of the Dungeon
  3541 | D:5      | Reached skill level 7 in Maces & Flails
  3557 | D:5      | Noticed a black bear
  3577 | D:4      | Reached XP level 7. HP: 32/52 MP: 7/7
  3667 | D:5      | Reached skill level 8 in Maces & Flails
  3681 | D:5      | Found a staircase to the Ecumenical Temple.
  3795 | D:5      | Reached XP level 8. HP: 58/58 MP: 8/8
  3900 | D:5      | Noticed zenocrate's ghost (novice OpEE)
  3910 | D:5      | Reached skill level 9 in Maces & Flails
  3938 | D:5      | Noticed Duvessa
  3938 | D:5      | Noticed Dowan
  3943 | D:5      | Killed Duvessa
  3948 | D:5      | Killed Dowan
  3986 | D:5      | Found a transporter.
  3990 | D:5      | Found a transporter.
  4269 | D:6      | Reached skill level 10 in Maces & Flails
  4343 | D:6      | Reached **** piety under Trog
  4410 | D:6      | Reached XP level 9. HP: 55/63 MP: 9/9
  4448 | D:6      | Identified the +0 ring mail of Context {-Cast rElec Str+3}
  4819 | D:7      | Found a transporter.
  4820 | D:7      | Noticed a centaur warrior
  4823 | D:7      | Noticed Midpoint's ghost (novice OnHW)
  4955 | D:7      | Reached skill level 11 in Maces & Flails
  5131 | D:7      | Reached skill level 12 in Maces & Flails
  5145 | D:7      | Noticed a +0 short sword
  5145 | D:7      | Noticed a +0 spear
  5145 | D:7      | Noticed a +0 falchion
  5146 | D:7      | Noticed a +0 falchion
  5148 | D:7      | Noticed a +0 short sword
  5148 | D:7      | Noticed a +0 spear
  5162 | D:7      | Noticed a +0 dagger
  5166 | D:7      | Found a transporter.
  5305 | D:7      | Found an ancient bone altar of Kikubaaqudgha.
  5313 | D:7      | Found a glowing silver altar of Zin.
  5409 | D:7      | Noticed a +0 dagger
  5416 | D:7      | Found a hide-covered altar of Uskayaw.
  5545 | D:8      | Reached XP level 10. HP: 49/70 MP: 10/10
  5550 | D:8      | Reached ***** piety under Trog
  5551 | D:8      | Reached skill level 13 in Maces & Flails
  5559 | D:8      | Reached skill level 1 in Evocations
  5719 | D:8      | Noticed Erica
  5727 | D:8      | Killed Erica
  6058 | D:8      | Found Urihocut's Magic Scroll Shop.
  6216 | D:9      | Noticed a fire crab
  6224 | D:9      | Killed a fire crab
  6225 | D:9      | Reached skill level 5 in Evocations
  6269 | D:9      | Found Jiack's General Store.
  6277 | D:9      | Found a staircase to the Lair.
  6281 | D:9      | Noticed a two-headed ogre
  6293 | D:9      | Noticed a two-headed ogre
  6305 | D:9      | Killed a two-headed ogre
  6308 | D:9      | Killed a two-headed ogre
  6311 | D:9      | Reached XP level 11. HP: 50/76 MP: 11/11
  6476 | D:9      | Noticed a cyclops
  6484 | D:9      | Killed a cyclops
  6485 | D:9      | Reached skill level 14 in Maces & Flails
  6487 | D:9      | Identified the +6 short sword "Hajoy" {venom, Stlth+}
  6533 | D:9      | Found Okysh's Lightly-Used Armoury.
  6560 | D:9      | Found a transporter.
  6633 | D:9      | Reached skill level 5 in Fighting
  6654 | D:9      | Noticed CBP's ghost (journeyman CoBe)
  6657 | D:9      | Noticed a wolf spider
  6668 | D:9      | Noticed a moth of wrath
  6674 | D:9      | Found a transporter.
  6712 | D:9      | Slain by a wolf spider

Illustrated notes

Levels and vault maps discovered:
D:1:      dpeg_arrival_signposts, layout_loops_ring, serial_glass,
          glass_columns_c, glass_columns_a, glass_columns_a, glass_columns_b,
          glass_columns_b, glass_columns_a, glass_columns_c, glass_columns_a,
          glass_columns_b, glass_columns_a, chequers_garden
D:2:      layout_loops_ring, uniq_robin
D:3:      layout_loops_corners
D:4:      layout_basic, lemuel_doored_altar, serial_bayou, serial_bayou_shore_a,
          serial_bayou_lake_a, serial_bayou_lagoon_b, serial_bayou_pond_d,
          amcnicky_altar_lugonu_corruption
D:5:      dreamdust_elfheim, layout_cave_pools, minmay_temple_entry_statues,
          gammafunk_ghost_hive, minmay_circle_x
D:6:      layout_loops_cross, minmay_unpleasant_kobolds
D:7:      minmay_bubble_buster, layout_cave_pools, nicolae_uskayaw_en_pointe,
          jmf_multi_god_temple2, gammafunk_ghost_arena
D:8:      layout_gridville, serial_shops, shop, grunt_ministairs_12,
          unseen_surprise_small, uniq_erica
D:9:      layout_basic, minmay_lair_entry_lava,
          gammafunk_ghost_berserking_beasts, serial_shops, shop,
          minmay_shop_damaged, minmay_microvault

Skill      XL: |  1  2  3  4  5  6  7  8  9 10 11 |
---------------+----------------------------------+-----
Maces & Flails | 3 4 5 6 7 8 10 12 13 14 | 14.0
Evocations     | 6 7 |  7.0
Armour         | 2 4 |  4.6
Fighting       | 5 |  5.6
Dodging        | |  1.7

Action                     |  1- 3 |  4- 6 |  7- 9 | 10-12 || total
---------------------------+-------+-------+-------+-------++-------
  Melee: Dagger            |    93 |    50 |       |       ||   143
         Mace              |    98 |    65 |       |       ||   163
         Flail             |       |   216 |   343 |   124 ||   683
         Morningstar       |       |       |    41 |   128 ||   169
  Throw: Dart              |       |       |       |     1 ||     1
 Invoke: Berserk           |       |     1 |     4 |     6 ||    11
         Trog's Hand       |       |       |       |     1 ||     1
    Use: Scroll            |       |       |    17 |     2 ||    19
 Armour: Animal skin       |    18 |       |       |       ||    18
         Ring mail         |    43 |   114 |    43 |       ||   200
         Scale mail        |       |       |    95 |   126 ||   221
  Dodge: Dodged            |    55 |   103 |    82 |   103 ||   343

Table legend: (Time is in decaauts)
 A = Elapsed time spent in this place.
 B = Non-inter-level travel time spent in this place.
 C = Inter-level travel time spent in this place.
 D = Time resting spent in this place.
 E = Time spent auto-exploring this place.
 F = Levels seen in this place.
 G = Mean time per level.
                   A        B        C        D        E       F      G
               +--------+--------+--------+--------+--------+-----+--------+
         Total |   6902 |   6696 |    206 |     12 |   5061 |   9 |  766.9 |
       Dungeon |   6902 |   6696 |    206 |     12 |   5061 |   9 |  766.9 |
               +--------+--------+--------+--------+--------+-----+--------+

Top non-repeatable levels by time:
     D:4: 1093 daAuts
     D:3: 975 daAuts
     D:1: 868 daAuts
     D:2: 722 daAuts
     D:8: 715 daAuts
     D:7: 695 daAuts
     D:6: 692 daAuts
     D:9: 572 daAuts
     D:5: 566 daAuts
